 Dungeon Crawl Stone Soup version 0.19.4-8-ga85b6b9 (webtiles) character file.

91977 Gargoyl the Corrupter of Planes (level 16, -10/138 HPs)
             Began as a Ghoul Abyssal Knight on Feb 10, 2017.
             Was the Champion of Lugonu.
             Killed from afar by Azrael (49 damage)
             ... with damnation
             ... on level 13 of the Dungeon on Feb 11, 2017.
             The game lasted 01:02:08 (23194 turns).

Gargoyl the Corrupter of Planes (GhAK)             Turns: 23194, Time: 01:02:09

Health: -10/138    AC: 27    Str: 27    XL:     16   Next: 4%
Magic:  24/24      EV: 10    Int:  7    God:    Lugonu [******]
Gold:   1972       SH: 15    Dex: 18    Spells: 0 memorised, 15 levels left

rFire  + + .     SeeInvis .     P - +6 broad axe
rCold  + + .     Gourm    .     M - +2 plate armour {rC+}
rNeg   + + +     Faith    .     e - +2 shield
rPois  ∞         Spirit   .     T - +2 hat
rElec  .         Reflect  .     k - +2 cloak
rCorr  .         Harm     .     U - +1 pair of gloves {Dex+3}
MR     +....                    u - +0 pair of boots
Stlth  ..........               F - amulet of regeneration
                                a - ring "Hengytix" {rF+ Str+7 Dex+4}
                                G - ring of protection from fire

@: liquid flames, rotting, glowing
A: rotting body, claws 1, carnivore 3, cold resistance 1, negative energy
resistance 3, slow regeneration 1, torment resistance, unbreathing
a: Depart the Abyss, Bend Space, Banish, Corrupt, Enter the Abyss, Brand Weapon
With Distortion, Renounce Religion


You were on level 13 of the Dungeon.
You worshipped Lugonu.
Lugonu was exalted by your worship.
You were not hungry.

You visited 2 branches of the dungeon, and saw 20 of its levels.
You visited the Abyss 3 times.
You also visited: Bailey and Ice Cave.

You collected 2368 gold pieces.
You spent 396 gold pieces at shops.

Inventory:

Hand Weapons
 v - the +3 mace "Hacasche" {vamp, Dex+5}
   (You found it on level 5 of the Dungeon)

   It inflicts no extra harm, but heals its wielder when it wounds a living foe.
   It affects your dexterity (+5).
 A - a +2 broad axe
 D - a +4 spear of freezing
 P - a +6 broad axe (weapon)
Missiles
 i - 33 tomahawks (quivered)
 w - 74 tomahawks of returning
Armour
 e - a +2 shield (worn)
 k - a +2 cloak (worn)
 u - a +0 pair of boots (worn)
 M - a +2 plate armour of cold resistance (worn)
 T - a +2 hat (worn)
 U - a +1 pair of gloves of dexterity (worn)
 X - a +0 chain mail of fire resistance
Jewellery
 a - the ring "Hengytix" (right hand) {rF+ Str+7 Dex+4}
   (You found it on level 1 of the Lair of Beasts)

   [ring of protection from fire]

   It affects your strength (+7).
   It affects your dexterity (+4).
   It protects you from fire.
 f - an uncursed ring of resist corrosion
 B - an uncursed ring of protection from magic
 F - an amulet of regeneration (around neck)
 G - a ring of protection from fire (left hand)
 Z - an uncursed ring of protection from cold
Wands
 b - a wand of random effects (27/48)
 d - a wand of acid (13/15)
 j - a wand of polymorph (11/24)
 y - a wand of polymorph (16/24)
 C - a wand of iceblast (8/15)
 K - a wand of heal wounds (2/9)
 R - a wand of random effects (28/48)
 V - a wand of iceblast (4/15)
Scrolls
 m - 4 scrolls of amnesia
 n - 4 scrolls of teleportation
 r - 8 scrolls of remove curse
 J - 2 scrolls of recharging
 N - 2 scrolls of magic mapping
 Q - 3 scrolls of identify
 S - 6 scrolls of fear
Potions
 g - 17 potions of curing
 o - a potion of invisibility
 p - 3 potions of brilliance
 q - a potion of magic
 s - 2 potions of haste
 t - 6 potions of might
 z - 3 potions of agility
 E - 2 potions of ambrosia
 H - 4 potions of flight
 I - 7 potions of heal wounds
Books
 x - a book of Changes

   Spells                             Type                      Level
   a - Beastly Appendage              Transmutation                1
   b - Sticks to Snakes               Transmutation                2
   c - Spider Form                    Transmutation/Poison         3
   d - Ice Form                       Ice/Transmutation            4
   e - Blade Hands                    Transmutation                5
Comestibles
 c - 11 meat rations
 l - a beef jerky


   Skills:
 + Level 11.4 Fighting
 + Level 6.0(9.8) Axes
 + Level 11.6(12.2) Maces & Flails
 + Level 2.0(4.3) Polearms
 + Level 2.1 Throwing
 * Level 12.1 Armour
 + Level 4.3 Dodging
 + Level 11.3 Shields
 * Level 12.7 Invocations
 + Level 2.1 Evocations


You had 15 spell levels left.
You didn't know any spells.

Dungeon Overview and Level Annotations

Branches:
Dungeon (14/15)            Temple (0/1) D:5            Lair (6/6) D:10
  Swamp (0/4) Lair:4       Spider (0/4) Lair:4        Slime (0/5) Lair:5
    Orc (0/2) D:12         Vaults (0/5) D:13

Altars:
Dithmenos
Ru
The Shining One

Shops:
D:5 %   D:7 !   D:13 *

Portals:
Trove: D:12 (give 15 scrolls of identify)

Annotations:
D:13 Azrael
Lair:2 Sonja


Innate Abilities, Weirdness & Mutations

Your body is rotting away.
You thrive on raw meat.
You are immune to poison.
You have sharp fingernails.
You are carnivorous and can eat meat at any time.
Your flesh is cold resistant. (rC+)
You are immune to negative energy. (rN+++)
You regenerate slowly when monsters are visible.
You are immune to unholy pain and torment.
You can survive without breathing.


Message History

Azrael burns you.
* * * LOW HITPOINT WARNING * * *
You hit Azrael.
Azrael is almost dead.
Azrael gestures at you. The sticky flame hits you!
You are covered in liquid flames!
You feel much better.
You are covered in liquid flames!
* * * LOW HITPOINT WARNING * * *
Azrael gestures at you.
The sphere of damnation explodes!
The damnation engulfs you!
* * * LOW HITPOINT WARNING * * *
The damnation engulfs Azrael.
Azrael completely resists.
You feel much better.
You are covered in liquid flames!
* * * LOW HITPOINT WARNING * * *
Azrael gestures at you.
The sphere of damnation explodes!
The damnation engulfs you!
You die...

#.# #.....# #........
#.# #####.# ###......
#.# #.# ###...# #.# #.#
#...# #)# #.# ##.## #.#
#.# #.## #.# #.# #.##
#.######### #.# #.##
#.........# #@# #.##
#########.# #R# #.##
#.# ##E# #.## #.#
#hh#############.## #.#
#.###..........#.##
#.###<###.########.#.##
#.h§>.§...# #.#.##
#####.##### #..... #.#
###.##


You could see Azrael, a fire elemental and 2 hell hounds.

Vanquished Creatures
  Gastronok (Lair:1)
  Kirke (D:12)
  Nessos (Lair:6)
  The ghost of Dickchan the Severer, a journeyman HOFi of Uskayaw (D:13)
  The ghost of tschems the Cleaver, a journeyman HuFi of Okawaru (Lair:2)
  2 fire dragons
  4 vault guards (D:13)
  Josephine (D:10)
  8 hydras
  Erolcha (D:11)
  Erica (D:9)
  2 centaur warriors
  5 skeletal warriors (D:12)
  A hill giant (D:13)
  3 lindwurms
  6 cyclopes
  3 ugly things (D:12)
  2 manticores
  6 black mambas
  An ice statue (IceCv)
  An elephant (D:10)
  6 torpor snails (Lair:6)
  2 gargoyles (D:13)
  9 spiny frogs
  An eye of devastation (Lair:5)
  6 komodo dragons
  2 kobold demonologists (D:13)
  7 rime drakes
  A tengu conjurer (D:13)
  2 guardian mummies (D:12)
  3 trolls
  19 polar bears
  3 tyrant leeches (Lair:6)
  A queen bee (D:9)
  7 hornets (Lair:6)
  Prince Ribbit (D:9)
  16 blink frogs
  3 slime creatures (D:13)
  12 hippogriffs
  4 wraiths (D:10)
  A tarantella (Lair:4)
  A shadow (D:11)
  8 wyverns
  A fire elemental (D:13)
  63 yaks
  2 hogs (D:12)
  3 vampire mosquitoes (D:13)
  A neqoxec (Abyss:1)
  2 hungry ghosts
  8 basilisks
  Edmund (D:4)
  A warg (D:12)
  4 mottled dragons
  2 soldier ants
  11 water moccasins
  6 porcupines
  A hell hound (Lair:4)
  A floating eye (Abyss:1)
  5 sky beasts
  11 orc warriors
  A swamp drake (Lair:4)
  2 eyes of draining
  3 ice beasts
  6 black bears
  A necrophage (D:12)
  6 ogres
  25 wolves
  21 crocodiles
  12 centaurs
  2 big kobolds
  A gnoll sergeant (D:11)
  17 bullfrogs
  2 water moccasin zombies
  7 scorpions
  22 killer bees (D:9)
  6 howler monkeys
  3 crimson imps
  2 bullfrog zombies
  A quasit (D:10)
  3 centaur zombies
  5 hounds
  An iron imp (Abyss:1)
  3 jellies
  2 bullfrog skeletons
  14 orc priests
  25 orc wizards
  4 centaur skeletons
  Crazy Yiuf (D:5)
  6 iguanas
  11 worker ants
  2 hound skeletons
  2 howler monkey skeletons
  29 gnolls
  14 adders
  4 shadow imps
  12 white imps (Lair:3)
  2 oozes
  2 adder zombies (D:5)
  4 adder skeletons
  A worm (D:5)
  2 dart slugs (D:1)
  A leopard gecko (D:3)
  67 orcs
  4 giant cockroaches
  7 goblins
  22 hobgoblins
  18 jackals
  15 kobolds
  6 quokkas
  3 ball pythons
  3 bats
  7 frilled lizards
  A jackal zombie (D:6)
  A leopard gecko skeleton (D:5)
  5 rats
  A plant (Lair:3)
740 creatures vanquished.

Vanquished Creatures (collateral kills)
  A wretched star (Abyss:2)
  A large abomination (Abyss:2)
2 creatures vanquished.

Vanquished Creatures (others)
  2 humans (D:12)
  3 orc warriors
  A wolf (IceCv)
  An orc priest (D:12)
  An orc (D:12)
  A frilled lizard (Lair:4)
  A goblin (D:12)
  7 fungi
  18 plants
35 creatures vanquished.

Grand Total: 777 creatures vanquished

Notes
Turn   | Place    | Note
-------+----------+-------------------------------------------
     0 | Abyss:1  | Gargoyl the Ghoul Abyssal Knight began the quest for the Orb.
     0 | Abyss:1  | Reached XP level 1. HP: 19/19 MP: 1/1
    16 | Abyss:1  | Noticed a small abomination
    66 | Abyss:2  | Noticed a large abomination
    77 | Abyss:2  | Killed a large abomination
    77 | Abyss:2  | Reached skill level 5 in Fighting
    77 | Abyss:2  | Reached skill level 1 in Dodging
    77 | Abyss:2  | Reached XP level 2. HP: 25/29 MP: 3/3
    77 | Abyss:2  | Reached XP level 3. HP: 31/36 MP: 4/4
    77 | Abyss:2  | Reached XP level 4. HP: 37/42 MP: 5/5
    77 | Abyss:2  | Reached XP level 5. HP: 42/48 MP: 6/6
    94 | Abyss:2  | Noticed a wretched star
   102 | Abyss:2  | Killed a wretched star
   102 | Abyss:2  | Reached XP level 6. HP: 27/57 MP: 7/7
   115 | Abyss:3  | Found a corrupted altar of Lugonu.
   130 | Abyss:3  | Noticed an ettin
   186 | Abyss:3  | Noticed a lich
   186 | D:1      | Escaped the Abyss
   301 | D:1      | Reached XP level 7. HP: 44/64 MP: 8/8
   395 | D:1      | Reached * piety under Lugonu
  1692 | D:3      | Reached ** piety under Lugonu
  1921 | D:3      | Reached skill level 1 in Shields
  2318 | D:4      | Noticed Edmund
  2362 | D:4      | Killed Edmund
  2573 | D:4      | Found a sacrificial altar of Ru.
  2804 | D:4      | Reached XP level 8. HP: 56/71 MP: 10/10
  3254 | D:5      | Entered Level 5 of the Dungeon
  3620 | D:5      | Found a staircase to the Ecumenical Temple.
  3682 | D:5      | Found a runed door.
  3684 | D:5      | Got a pitted mace
  3685 | D:5      | Identified the cursed +3 mace "Hacasche" {vamp, Dex+5} (You found it on level 5 of the Dungeon)
  3688 | D:5      | Noticed Crazy Yiuf
  3694 | D:5      | Killed Crazy Yiuf
  3859 | D:5      | Reached *** piety under Lugonu
  3940 | D:5      | Reached skill level 5 in Invocations
  3975 | D:5      | Reached skill level 1 in Maces & Flails
  4074 | D:5      | Found Piluqyxt's Food Boutique.
  4169 | D:5      | Reached XP level 9. HP: 78/79 MP: 12/12
  4417 | D:6      | Reached skill level 5 in Armour
  5177 | D:6      | Reached **** piety under Lugonu
  5549 | D:7      | Reached XP level 10. HP: 79/86 MP: 13/13
  5839 | D:7      | Reached skill level 5 in Maces & Flails
  6194 | D:7      | Found Jovuxauq's Distillery.
  6225 | D:7      | Bought a potion of haste for 110 gold pieces
  6225 | D:7      | Bought a potion of haste for 110 gold pieces
  6225 | D:7      | Bought a potion of might for 44 gold pieces
  6225 | D:7      | Bought a potion of might for 44 gold pieces
  6225 | D:7      | Bought a potion of might for 44 gold pieces
  6225 | D:7      | Bought a potion of agility for 44 gold pieces
  7314 | D:9      | Found a flagged portal.
  7320 | Bailey   | Entered a bailey
  7595 | Bailey   | Reached ***** piety under Lugonu
  7599 | Bailey   | Reached skill level 5 in Shields
  8240 | D:9      | Reached XP level 11. HP: 57/94 MP: 15/15
  8318 | D:9      | Noticed Erica
  8387 | D:9      | Killed Erica
  8723 | D:9      | Noticed Prince Ribbit
  8971 | D:9      | Killed Prince Ribbit
  9314 | D:10     | Entered Level 10 of the Dungeon
  9436 | D:10     | Reached skill level 5 in Axes
  9436 | D:10     | Reached XP level 12. HP: 103/103 MP: 17/17
  9455 | D:10     | Noticed Josephine
  9489 | D:10     | Killed Josephine
  9916 | D:10     | Found a staircase to the Lair.
 10456 | Lair:1   | Entered Level 1 of the Lair of Beasts
 10496 | Lair:1   | Got a vibrating steel ring
 10497 | Lair:1   | Identified the ring "Hengytix" {rF+ Str+7 Dex+4} (You found it on level 1 of the Lair of Beasts)
 10643 | Lair:1   | Noticed a four-headed hydra
 10658 | Lair:1   | Killed a four-headed hydra
 11272 | Lair:2   | Noticed Gastronok
 11277 | Lair:2   | Noticed tschems's ghost (journeyman HuFi)
 11316 | Lair:1   | Killed Gastronok
 11316 | Lair:1   | Reached XP level 13. HP: 107/110 MP: 19/19
 11609 | Lair:2   | Killed tschems's ghost
 11609 | Lair:2   | Reached skill level 10 in Invocations
 12086 | Lair:2   | Noticed Sonja
 12432 | Lair:2   | Cast into level 1 of the Abyss (Sonja)
 12482 | Abyss:1  | Paralysed by a floating eye for 4 turns
 12490 | Abyss:1  | Noticed a starcursed mass
 12494 | Lair:2   | Escaped the Abyss
 13130 | Lair:3   | Found a frozen archway.
 13179 | IceCv    | Entered an ice cave
 14084 | IceCv    | Identified a scroll of acquirement
 14141 | IceCv    | Reached skill level 10 in Armour
 14150 | IceCv    | Reached ****** piety under Lugonu
 14206 | IceCv    | Noticed a frost giant
 14240 | IceCv    | Banished a frost giant
 14546 | Lair:3   | Reached skill level 10 in Fighting
 14574 | Lair:3   | Reached XP level 14. HP: 97/121 MP: 21/21
 15707 | Lair:4   | Reached skill level 10 in Maces & Flails
 16272 | Lair:4   | Found a staircase to the Swamp.
 16541 | Lair:4   | Found a hole to the Spider Nest.
 16817 | Lair:5   | Found a staircase to the Slime Pits.
 16930 | Lair:5   | Noticed Nessos
 16936 | Lair:6   | Entered Level 6 of the Lair of Beasts
 17020 | Lair:6   | Killed Nessos
 17111 | Lair:6   | Reached skill level 10 in Shields
 18150 | Lair:6   | Reached XP level 15. HP: 120/128 MP: 22/22
 18621 | Lair:6   | Found a runed door.
 19315 | D:11     | Noticed Erolcha
 19319 | D:11     | Cast into level 1 of the Abyss (Erolcha)
 19434 | D:11     | Escaped the Abyss
 19445 | D:11     | Killed Erolcha
 20699 | D:12     | Noticed Kirke
 20805 | D:12     | Killed Kirke
 21124 | D:12     | Found a staircase to the Orcish Mines.
 21363 | D:12     | Found a shadowy altar of Dithmenos.
 21478 | D:12     | Found a portal to a secret trove of treasure.
 21967 | D:13     | Found Durchaot's Assorted Antiques.
 22292 | D:13     | Found a glowing golden altar of the Shining One.
 22311 | D:13     | Found a gate to the Vaults.
 22638 | D:13     | Reached XP level 16. HP: 138/138 MP: 24/24
 22639 | D:13     | Noticed Dickchan's ghost (journeyman HOFi)
 22683 | D:13     | Killed Dickchan's ghost
 23145 | D:14     | Noticed Azrael
 23191 | D:13     | HP: 3/137 [Azrael/scimitar of flaming (7)]
 23194 | D:13     | Killed from afar by Azrael

Skill      XL: |  1  2  3  4  5  6  7  8  9 10 11 12 13 14 15 16 |
---------------+-------------------------------------------------+-----
Fighting       | 5 6 7 8 9 10 11 | 11.4
Axes           | 2 3 4 5 6 |  6.0
Armour         | 2 3 4 5 7 8 9 10 11 12 | 12.1
Dodging        | 1 2 3 4 |  4.3
Invocations    | 3 4 5 6 7 8 9 11 12 | 12.7
Shields        | 1 2 4 5 6 7 8 10 11 | 11.3
Maces & Flails | 1 4 6 7 8 9 10 11 | 11.6
Polearms       | 2 |  2.0
Throwing       | 2 |  2.1
Evocations     | 2 |  2.1

Action                   |  1- 3 |  4- 6 |  7- 9 | 10-12 | 13-15 | 16-18 || total
-------------------------+-------+-------+-------+-------+-------+-------++-------
Melee: Hand axe          |       |    24 |   357 |       |       |       ||   381
       Mace              |       |       |   371 |  1219 |  3400 |    65 ||  5055
       Broad axe         |       |       |       |       |   119 |    39 ||   158
Throw: Tomahawk          |       |       |     2 |     4 |     2 |       ||     8
Invok: Depart the Abyss  |       |     1 |       |       |     2 |       ||     3
       Banish            |       |       |       |     2 |     4 |       ||     6
       Bend Space        |       |       |       |       |       |     1 ||     1
  Use: Scroll            |     1 |     2 |    17 |     6 |    14 |       ||    40
       Potion            |       |       |     2 |    12 |     4 |     2 ||    20
 Stab: Confused          |       |       |       |       |     1 |       ||     1
       Distracted        |       |       |       |       |     1 |       ||     1
  Eat: Chunk             |       |     2 |    52 |    73 |   161 |     2 ||   290
Armor: Leather armour    |       |     3 |       |       |       |       ||     3
       Scale mail        |       |       |   164 |       |       |       ||   164
       Chain mail        |       |       |   304 |   103 |       |       ||   407
       Plate armour      |       |       |       |   666 |  1658 |    46 ||  2370
Dodge: Dodged            |     2 |    17 |   191 |   374 |   931 |    25 ||  1540
Block: Shield            |       |       |   431 |   977 |  2707 |    56 ||  4171
